 Dungeon Crawl Stone Soup version 0.30-a0-777-ga9a30cbeda (webtiles) character file.

Game seed: 4922756016506115768

23 dialectric the Covered (level 2, -1/24 HPs)
             Began as a Demonspawn Fighter on Feb 14, 2023.
             Was an Initiate of Gozag.
             Slain by a gnoll
             ... wielding a +0 whip
              (3 damage)
             ... on level 2 of the Dungeon.
             The game lasted 00:01:16 (1141 turns).

dialectric the Covered (Demonspawn Fighter)         Turns: 1141, Time: 00:01:16

Health: -1/24      AC:  7    Str: 16    XL:     2   Next: 75%
Magic:  2/2        EV:  9    Int:  9    God:    Gozag
Gold:   83         SH:  0    Dex: 14    Spells: 1/1 levels left

rFire   . . .      SeeInvis .    a - +0 long sword
rCold   . . .      Faith    .    (no shield)
rNeg    . . .      Spirit   .    b - +0 scale mail
rPois   .          Reflect  .    i - +1 hat
rElec   .          Harm     .    (no cloak)
rCorr   .          Rampage  .    (no gloves)
Will    .....                    (no boots)
Stlth   +                        (no amulet)
HPRegen 0.24/turn                (no ring)
MPRegen 0.08/turn                (no ring)

@: no status effects
A: thin skeletal structure 1
a: Renounce Religion, Potion Petition, Call Merchant, Bribe Branch


You were on level 2 of the Dungeon.
You worshipped Gozag.
Gozag was noncommittal.
You visited 1 branch of the dungeon, and saw 2 of its levels.

You collected 83 gold pieces.

Inventory:

Hand Weapons
 a - a +0 long sword (weapon)
Armour
 b - a +0 scale mail (worn)
 c - a +0 buckler
 i - a +1 hat (worn)
Jewellery
 g - a ring of ice
Scrolls
 e - a scroll of immolation {unknown}
 h - a scroll of silence {unknown}
 j - 4 scrolls of identify {unknown}
 l - a scroll of vulnerability {unknown}
 m - a scroll of enchant weapon {unknown}
 n - a scroll of teleportation {unknown}
 p - a scroll of brand weapon {unknown}
 q - a scroll of poison {unknown}
 r - a scroll of amnesia {unknown}
Potions
 d - 2 potions of might
 f - 3 potions of mutation {unknown}
 k - a potion of curing {unknown}
 o - a potion of flight {unknown}


   Skills:
 + Level 3.1 Fighting
 + Level 2.2 Long Blades
 - Level 3.2 Armour
 * Level 0.4 Dodging
 - Level 2.6 Shields


You had one spell level left.
You didn't know any spells.
Your spell library contained the following spells:

 Spells                   Type           Power      Damage    Failure   Level
 Summon Small Mammal      Summ           0%         N/A       82%         1
 Call Canine Familiar     Summ           0%         N/A       99%         3
 Summon Guardian Golem    Hex/Summ       0%         N/A       99%         3


Dungeon Overview and Level Annotations

Branches:
Dungeon (2/15)

Altars:
Gozag
Okawaru


Innate Abilities, Weirdness & Mutations

You have a somewhat thin skeletal structure. (Dex +2, Stealth+)


Message History

No target in view!
No target in view!
No target in view!
You now have 83 gold pieces (gained 14).
r - a scroll labelled SEIRYI WULIXT
Found an iron altar of Okawaru.
No target in view!
Key pressed, stopping explore.
No target in view!
Found a stone staircase leading up.
No target in view!
No target in view!
No target in view!
No target in view!
No target in view! 2 gnolls come into view.
The gnoll shouts!
You hear a shout!
A gnoll comes into view. It is wielding a +0 halberd.
The gnoll shouts!
There are monsters nearby!
Found 15 gold pieces.
There are monsters nearby!
There are monsters nearby!
The gnoll hits you with a +0 whip. The gnoll barely misses you.
The gnoll hits you with a +0 whip!
You are too injured to fight recklessly!
You are too injured to fight recklessly!
The gnoll hits you from afar with a +0 halberd.
* * * LOW HITPOINT WARNING * * *
The gnoll attacks as you move away! The gnoll hits you with a +0 whip.
* * * LOW HITPOINT WARNING * * *
The gnoll throws a throwing net.
The throwing net hits you.
You become entangled in the net!
You see here a throwing net.
You struggle against the net.
The gnoll hits you with a +0 whip.
* * * LOW HITPOINT WARNING * * *
You tear a large gash into the net.
The gnoll barely misses you. x2
You shred the net and break free! The gnoll hits you with a +0 whip.
You die...
Your body crumbles into a pile of gold.

........................#
........................#
............ #.........#
..........#####........##
.......##.....##........##
........#####..###.......$
.........#####...g...#....
................gg..## ...
.........###..##@##.# ..
......######.###.# .# .
###.###..........# .#
..........######## .#
........### .# ........<#
.........# ..>......#
.........#


You could see 3 gnolls.

Vanquished Creatures
  5 ball pythons
  An endoplasm (D:1)
  A giant cockroach (D:2)
  A goblin (D:1)
  3 hobgoblins (D:1)
  3 jackals (D:1)
  A kobold (D:1)
  3 bats
  2 rats (D:1)
20 creatures vanquished.

Notes
Turn   | Place    | Note
-------+----------+-------------------------------------------
     0 | D:1      | dialectric the Demonspawn Fighter began the quest for the
                  | Orb.
     0 | D:1      | Reached XP level 1. HP: 18/18 MP: 1/1
   212 | D:1      | Gained mutation: You have a somewhat thin skeletal
                  | structure. (Dex +2, Stealth+) [demonic ancestry]
   212 | D:1      | Reached XP level 2. HP: 24/24 MP: 2/2
   936 | D:2      | Found a faded altar of an unknown god.
   949 | D:2      | Prayed at the altar of an unknown god.
   949 | D:2      | Became a worshipper of Gozag Ym Sagoz the Greedy
  1039 | D:2      | Found an iron altar of Okawaru.
  1141 | D:2      | Slain by a gnoll

Illustrated notes

Levels and vault maps discovered:
D:1:      lemuel_arrival_river_passageway, layout_basic
D:2:      layout_rooms, basic_altar, ebering_ecumenical_altar_sacrificial,
          minmay_misc_feat_tiny, grunt_ministairs_13

Skill      XL: |  1  2 |
---------------+-------+-----
Armour         | 3 |  3.2
Long Blades    | 2 |  2.2
Fighting       | |  3.1
Dodging        | |  0.4
Shields        | |  2.6

Action                     || total
---------------------------++-------
  Melee: Long sword        ||    67
 Armour: Scale mail        ||    65
  Dodge: Dodged            ||    50

Table legend: (Time is in decaauts)
 A = Elapsed time spent in this place.
 B = Non-inter-level travel time spent in this place.
 C = Inter-level travel time spent in this place.
 D = Time resting spent in this place.
 E = Time spent auto-exploring this place.
 F = Levels seen in this place.
 G = Mean time per level.
                   A        B        C        D        E       F      G
               +--------+--------+--------+--------+--------+-----+--------+
         Total |   1172 |   1162 |     10 |     58 |    873 |   2 |  586.0 |
       Dungeon |   1172 |   1162 |     10 |     58 |    873 |   2 |  586.0 |
               +--------+--------+--------+--------+--------+-----+--------+

Top non-repeatable levels by time:
     D:1: 874 daAuts
     D:2: 298 daAuts
